 Dungeon Crawl Stone Soup version 0.22.0-16-gc6d26f6 (webtiles) character file.

420 letownia2 the Insei (level 6, -2/48 HPs)
             Began as a Demonspawn Transmuter on Aug 17, 2018.
             Was an Initiate of Cheibriados.
             Slain by a centaur (4 damage)
             ... on level 6 of the Dungeon.
             The game lasted 00:11:12 (1952 turns).

letownia2 the Insei (Demonspawn Transmuter)         Turns: 1952, Time: 00:11:13

Health: -2/48      AC:  2    Str: 12 (13) XL:     6   Next: 62%
Magic:  0/9        EV: 19    Int: 13 (16) God:    Cheibriados [......]
Gold:   129        SH:  0    Dex: 16 (19) Spells: 3/9 levels left

rFire    . . .     SeeInvis .     - Unarmed
rCold    . . .     Gourm    .   (shield currently unavailable)
rNeg     . . .     Faith    +   (armour currently unavailable)
rPois    x         Spirit   +   (helmet currently unavailable)
rElec    .         Reflect  .   (cloak currently unavailable)
rCorr    .         Harm     .   (gloves currently unavailable)
MR       .....                  (boots currently unavailable)
Stlth    +.........             h - amulet of faith
HPRegen  0.16/turn              (no ring)
MPRegen  0.22/turn              (no ring)

@: spider-form (expiring), very slightly contaminated, slow
A: tiny, magic shield, magic regeneration
a: End Transformation, Bend Time, Renounce Religion


You were on level 6 of the Dungeon.
You worshipped Cheibriados.
Cheibriados was noncommittal.
You were not hungry.
You were a venomous arachnid creature.
You visited 1 branch of the dungeon, and saw 6 of its levels.

You collected 164 gold pieces.
You spent 35 gold pieces at shops.

Inventory:

Hand Weapons
 f - a +0 hunting sling
 w - a +0 shortbow
Missiles
 a - 57 arrows
 j - 25 sling bullets
Armour
 b - a +0 robe
 g - a +1 pair of boots (melded)
 l - a +0 hat
 p - a +0 helmet
 q - a +0 ring mail
 u - the +3 ring mail "Sianealo" (melded) {rF+ rC+ rN++ Dex+2}
   (You found it on level 5 of the Dungeon)

   It affects your dexterity (+2).
   It protects you from fire.
   It protects you from cold.
   It greatly protects you from negative energy.
Magical Staves
 s - an uncursed staff of conjuration {unknown}
Jewellery
 h - an amulet of faith (around neck)
 r - a cursed ring of attention {unknown}
 y - a +5 amulet of reflection {unknown}
Scrolls
 e - a scroll of random uselessness {unknown}
 i - a scroll of identify {unknown}
 k - 2 scrolls of noise {unknown}
 m - 4 scrolls of teleportation {unknown}
 n - a scroll of blinking {unknown}
 t - a scroll of magic mapping
Potions
 c - a potion of degeneration
 o - a potion of agility {unknown}
 x - a potion of flight {unknown}
Comestibles
 d - 9 rations
 v - 6 chunks of flesh


   Skills:
 + Level 3.8 Fighting
 - Level 2.3 Armour
 - Level 1.7 Dodging
 + Level 5.2 Unarmed Combat
 - Level 2.0 Spellcasting
 - Level 1.7 Transmutations


You had 3 spell levels left.
You knew the following spells:

 Your Spells              Type           Power        Failure   Level  Hunger
a - Beastly Appendage     Tmut           #.....       28%         1    ##.....
l - Sticks to Snakes      Tmut           #.......     38%         2    ###....
p - Spider Form           Tmut/Pois      #.........   69%         3    ####...

Your spell library contained the following spells:

 Spells                   Type           Power        Failure   Level  Hunger
 Blade Hands              Tmut           #.........   99%         5    ######.
 Ice Form                 Ice/Tmut       #.......     96%         4    #####..


Dungeon Overview and Level Annotations

Branches:
Dungeon (6/15)
 Temple: D:4-7

Altars:
Cheibriados
Dithmenos
Elyvilon
Hepliaklqana
Makhleb
Ru
Sif Muna
The Shining One

Shops:
D:4 (?


Innate Abilities, Weirdness & Mutations

When hurt, damage is shared between your health and your magic reserves.
You regenerate magic rapidly.
((Your movements are slightly less encumbered by armour. (ER -2)))


Message History

* * * LOW HITPOINT WARNING * * *
The centaur misses you.
Unknown command.
Unknown command.
You hit the ogre.
The ogre is severely wounded.
The centaur hits you!
* * * LOW HITPOINT WARNING * * *
The ogre misses you.
Unknown command.
Unknown command.
It was a potion of degeneration.
There was something very wrong with that liquid.
You feel weakened.
You feel dopey.
You feel clumsy. The centaur barely misses you. The centaur misses you.
Unknown command.
You hit the ogre.
The ogre is almost dead.
The hound misses you. The centaur hits you.
You die...

#..# #..# .#
.(#####.#
........#.
##.........
#(.$.......
#..........
..###.h........
.......Os.>.....
##>###.c.....(..
#..........
...?........
.............
###########...
###


You could see an ogre, a centaur and a hound.

Vanquished Creatures
  An ogre (D:5)
  A centaur (D:5)
  A hound (D:4)
  A bullfrog skeleton (D:4)
  An iguana (D:6)
  2 orc wizards
  4 adders
  A worm (D:3)
  A dart slug (D:1)
  3 leopard geckos
  6 orcs
  6 giant cockroaches
  9 hobgoblins
  7 jackals
  2 quokkas (D:2)
  2 ball pythons
  7 bats
  6 frilled lizards
  5 goblins
  3 kobolds
  3 rats
72 creatures vanquished.

Notes
Turn   | Place    | Note
-------+----------+-------------------------------------------
     0 | D:1      | letownia2 the Demonspawn Transmuter began the quest for the Orb.
     0 | D:1      | Reached XP level 1. HP: 15/15 MP: 3/3
    89 | D:1      | Reached skill level 3 in Unarmed Combat
    91 | D:1      | Gained mutation: Your movements are slightly less encumbered by armour. (ER -2) [demonic ancestry]
    91 | D:1      | Reached XP level 2. HP: 17/21 MP: 1/5
   339 | D:2      | Reached XP level 3. HP: 21/27 MP: 4/6
   403 | D:2      | Found a glowing golden altar of the Shining One.
   701 | D:2      | Found a hazy altar of Hepliaklqana.
   831 | D:3      | Gained mutation: When hurt, damage is shared between your health and your magic reserves. [demonic ancestry]
   831 | D:3      | Reached XP level 4. HP: 13/34 MP: 7/7
   862 | D:3      | Found a sacrificial altar of Ru.
  1097 | D:3      | Found a deep blue altar of Sif Muna.
  1220 | D:3      | Reached skill level 1 in Armour
  1243 | D:3      | Reached skill level 4 in Unarmed Combat
  1366 | D:4      | Found Qyefann's Magic Scroll Emporium.
  1380 | D:4      | Bought a scroll of magic mapping for 35 gold pieces
  1381 | D:4      | Found a shadowy altar of Dithmenos.
  1397 | D:5      | Entered Level 5 of the Dungeon
  1403 | D:5      | Got a bloodstained ring mail
  1415 | D:5      | Identified the +3 ring mail "Sianealo" {rF+ rC+ rN++ Dex+2} (You found it on level 5 of the Dungeon)
  1424 | D:5      | Noticed a centaur
  1439 | D:5      | Killed a centaur
  1439 | D:5      | Reached XP level 5. HP: 18/39 MP: 4/8
  1630 | D:5      | Found a burning altar of Makhleb.
  1677 | D:4      | Gained mutation: You regenerate magic rapidly. [demonic ancestry]
  1677 | D:4      | Reached XP level 6. HP: 32/47 MP: 6/9
  1719 | D:3      | Found a white marble altar of Elyvilon.
  1779 | D:4      | Found Goluig's Antique Weapon Shop.
  1868 | D:5      | Reached skill level 5 in Unarmed Combat
  1875 | D:5      | Found a snail-covered altar of Cheibriados.
  1885 | D:5      | Learned a level 2 spell: Sticks to Snakes
  1889 | D:5      | Learned a level 3 spell: Spider Form
  1891 | D:5      | Became a worshipper of Cheibriados the Contemplative
  1950 | D:6      | HP: 1/48 [centaur (6)]
  1952 | D:6      | Slain by a centaur

Skill      XL: |  1  2  3  4  5  6 |
---------------+-------------------+-----
Unarmed Combat | 3 4 5 |  5.2
Fighting       | 2 3 |  3.8
Armour         | 2 |  2.3
Dodging        | |  1.7
Spellcasting   | |  2.0
Transmutations | |  1.7

Action                   |  1- 3 |  4- 6 || total
-------------------------+-------+-------++-------
Melee: Unarmed           |   162 |   164 ||   326
       Headbutt          |    10 |    13 ||    23
       Kick              |     1 |       ||     1
       Punch             |     3 |     2 ||     5
 Cast: Beastly Appendage |    20 |    12 ||    32
       Spider Form       |       |     1 ||     1
  Use: Potion            |       |     1 ||     1
 Stab: Sleeping          |     1 |     1 ||     2
  Eat: Chunk             |       |     5 ||     5
Armor: Robe              |    60 |     6 ||    66
       Ring mail         |       |    60 ||    60
Dodge: Dodged            |   123 |   109 ||   232
